Reyda the Knife, lawful female dwarven Cavewoman --------- |.......| ----- |.......| ...| |..@@...| ---------..-- ------ |.......| |.....).|...-- --..[%.. | |....'..| | |.......|..%.---..[%.?.% |. ----.---- .| |..._...-.%..%)%...%%%.. |......A......| |.......|....---..%.%%.. ---....A....--- |.......|...-- --.[.%`.. -----|----- ---------..-- ----%-- ....... ...| |./.------- ........ ----- |./.[).%..| .%..5... -------...-- ........ |..[.--.......- ---...----|--- |..[)%)))... ------------ Reyda the Knife the Roamer Experience level: 19 Strength: 18/37 Dexterity: 18 Constitution: 20 Intelligence: 9 Wisdom: 15 Charisma: 12 Health: 204(209) Energy: 44(44) Def: 40 Gold: 3785 Moves: 35270 Dungeon seed: ss0nBL5QhcHC1q1g Game ID: Reyda the Knife_1529823298 Your Inventory: Coins $ - 3785 gold pieces Amulets C - a cursed amulet of reflection (being worn) Weapons a - the blessed +3 Grayswandir (weapon in hand) p - the blessed +0 Sceptre of Might Armor t - a blessed thoroughly burnt +3 pair of water walking boots (being worn) v - a blessed thoroughly burnt +3 elven cloak (being worn) y - a blessed thoroughly burnt +4 small shield (being worn) A - a blessed thoroughly burnt +4 pair of leather gloves (being worn) M - a blessed +3 black dragon scale mail (being worn) N - a blessed +4 Hawaiian shirt (being worn) Y - a blessed thoroughly burnt +6 elven leather helm (being worn) Comestibles L - an uncursed lizard corpse named The Lizard of Yendor O - 3 uncursed K-rations Potions R - an uncursed potion of full healing Rings k - an uncursed ring of free action (on left hand) o - an uncursed ring of teleport control G - a cursed ring of levitation Wands f - a blessed rustproof wand of death (1:1) j - an uncursed wand of striking (0:3) m - an uncursed wand of teleportation (0:4) r - an uncursed wand of digging (0:5) I - an uncursed wand of teleportation (0:7) J - an uncursed wand of lightning (0:4) K - a cursed wand of cold (0:4) Q - an uncursed wand of death (0:7) V - an uncursed wand of teleportation (0:6) W - an uncursed wand of death (1:6) Z - an uncursed wand of lightning (0:6) Tools d - the blessed Magic Mirror of Merlin e - an uncursed skeleton key h - the uncursed Candelabrum of Invocation (7 candles attached) (0:336) n - a blessed tooled horn named THE HORN OF YENDOR q - a cursed magic marker (1:7) u - an uncursed +0 unicorn horn w - a blessed bag of holding x - an uncursed towel D - a cursed magic lamp (lit) P - an uncursed magic marker (1:6) Gems z - an uncursed luckstone Contents of the bag of holding: 11837 gold pieces an uncursed amulet of life saving a blessed +1 club an uncursed +0 elven dagger an uncursed +2 mace an uncursed +0 cloak of displacement an uncursed +0 cloak of invisibility a blessed +0 mummy wrapping an uncursed +0 pair of levitation boots 3 uncursed K-rations an uncursed apple an uncursed carrot an uncursed clove of garlic an uncursed eucalyptus leaf 4 uncursed food rations 3 uncursed fortune cookies an uncursed sprig of wolfsbane 6 uncursed tripe rations 4 uncursed scrolls of blank paper a cursed scroll of blank paper a blessed scroll of charging an uncursed scroll of earth an uncursed scroll of fire 4 uncursed scrolls of identify an uncursed scroll of remove curse an uncursed scroll of scare monster an uncursed scroll of taming an uncursed scroll of teleportation 7 cursed scrolls of teleportation an uncursed potion of acid an uncursed potion of booze an uncursed potion of confusion an uncursed potion of fruit juice an uncursed potion of gain ability 2 uncursed potions of gain energy a blessed potion of gain level a blessed potion of hallucination an uncursed potion of hallucination 7 potions of holy water an uncursed potion of object detection 2 uncursed potions of oil an uncursed potion of see invisible a cursed potion of sickness 3 uncursed potions of speed a cursed potion of speed 3 potions of unholy water 5 uncursed potions of water an uncursed ring of free action an uncursed ring of free action a blessed +4 ring of gain strength a blessed ring of hunger an uncursed ring of poison resistance a blessed ring of polymorph control an uncursed ring of polymorph control an uncursed ring of regeneration an uncursed ring of searching an uncursed ring of shock resistance an uncursed wand of enlightenment (0:12) an uncursed wand of enlightenment (0:3) an uncursed wand of light (0:12) an uncursed wand of locking (0:5) an uncursed wand of locking (0:5) an uncursed wand of make invisible (0:2) an uncursed wand of opening (0:2) a blessed corrodeproof wand of polymorph (0:3) an uncursed wand of secret door detection (0:10) a blessed wand of secret door detection (0:7) an uncursed wand of sleep (0:8) an uncursed wand of sleep (0:6) an uncursed wand of sleep (0:4) a cursed wand of sleep (0:3) an uncursed wand of striking (0:7) an uncursed wand of striking (0:7) an uncursed wand of striking (0:6) an uncursed wand of wishing (1:1) an uncursed bugle an uncursed magic marker (1:2) an uncursed tinning kit (0:83) Spells and supernatural/magical abilities: Name Level Category Fail Memory h - healing 1* healing 81% 0% K - cure sickness 3 healing 100% 43% V - teleportitis -- ability ? -- W - pray for help -- divine ? -- Your skills at the end: Fighting Skills bare handed combat [Basic] Weapon Skills saber [Basic] club [Expert] mace [Skilled] sling [Basic] Spellcasting Skills Final Attributes: You were piously aligned. You were fire resistant. You were cold resistant. You were sleep resistant. You were disintegration-resistant. You were shock resistant. You were poison resistant. You were magic-protected. You resisted hallucinations. You saw invisible. You were telepathic. You were warned. You had infravision. You were invisible to others. You were stealthy. You caused conflict. You could teleport. You could walk on water. You were protected. You were fast. You had reflection. You had free action. You were lucky. You had extra luck. Bad luck did not time out for you. Good luck did not time out for you. You survived. Vanquished creatures: Orcus Juiblex The Wizard of Yendor (4 times) Pestilence (thrice) Famine (thrice) a high priest 3 mastodons Medusa 14 krakens 2 iron golems 5 storm giants a balrog The Chromatic Dragon 2 purple worms 5 red dragons 3 white dragons an orange dragon 3 black dragons 2 blue dragons a green dragon a yellow dragon 13 minotaurs 2 jabberwocks 7 baluchitheria 16 Angels Vlad the Impaler 5 stone golems 2 pit fiends 3 sandestins a hell hound 4 titanotheres 7 trappers a baby red dragon a baby white dragon 3 disenchanters 17 vampire lords 6 shades 5 skeletons 20 aligned priests 5 captains 3 liches a clay golem 2 nurses 2 ice devils a nalfeshnee 3 lurkers above an ettin 2 golden nagas 24 vampires 19 ghosts 5 lieutenants an archeologist 2 queen bees 4 winged gargoyles a mind flayer 7 giant mimics 6 zruties 8 fire giants 4 ogre kings 8 ice trolls 7 rock trolls 8 umber hulks 3 flesh golems 2 Elvenkings 3 doppelgangers 6 hezrous 5 bone devils 4 large mimics a wumpus a fire vortex 5 long worms 5 couatls 11 stalkers an air elemental 5 fire elementals an earth elemental 5 water elementals 22 hill giants 2 giant mummies 2 black nagas 6 xorns 18 giant zombies 10 elf-lords 10 sergeants a water demon 4 barbed devils 4 vrocks a salamander 4 wargs a hell hound pup 12 small mimics a glass piercer a warhorse 7 steam vortices 7 xans 7 ogre lords 7 quantum mechanics 8 trolls a sasquatch a wood golem an erinys 3 mariliths a djinni 7 sharks 8 electric eels 3 gelatinous cubes a pyrolisk a large dog a freezing sphere 4 flaming spheres 6 shocking spheres 2 large cats a tiger 10 gargoyles 6 tengu an ochre jelly 2 leocrottas 2 energy vortices a mountain centaur a stone giant 4 elf mummies 2 human mummies 4 red nagas 3 green slimes 7 pit vipers 4 cobras 33 wraiths 2 carnivorous apes 13 ettin zombies 3 leather golems 3 Grey-elves 96 soldiers 3 horned devils 4 incubi 5 chameleons a crocodile 7 giant beetles 2 quivering blobs 14 cockatrices 4 wolves 2 winter wolf cubs 58 gremlins 8 leprechauns an orc-captain 3 iron piercers 3 mumakil 14 giant spiders 3 scorpions 3 horses 5 black lights 6 vampire bats 4 forest centaurs 3 orc mummies 4 dwarf mummies 3 ogres a brown pudding 5 rust monsters 6 owlbears 4 yetis a gold golem a werewolf 9 Green-elves 6 piranhas 14 giant eels 4 lizards 7 neanderthals 3 chickatrices 4 dogs 3 dingos 3 housecats 2 jaguars a dwarf lord a blue jelly a white unicorn a gray unicorn a black unicorn 4 dust vortices 4 ravens 4 plains centaurs 2 gnome mummies 5 snakes 4 apes 13 human zombies a rope golem a Woodland-elf 4 soldier ants 10 fire ants 77 bugbears 3 imps 3 quasits 3 wood nymphs a water nymph 2 mountain nymphs 3 Mordor orcs 23 Uruk-hai an orc shaman a rock piercer 2 rock moles 5 ponies 6 fog clouds 4 yellow lights 6 shriekers a violet fungus 8 gnome lords 2 gnomish wizards 3 kobold mummies a red naga hatchling a golden naga hatchling 5 gray oozes 3 barrow wights 9 elf zombies 10 ghouls a straw golem 3 paper golems 5 jellyfish a baby crocodile 20 giant ants 2 little dogs 10 floating eyes 2 kittens 2 dwarves a homunculus 2 kobold lords 3 kobold shamans 16 hill orcs 10 rothes a rabid rat 5 centipedes 3 giant bats a monkey 17 orc zombies 16 dwarf zombies a wererat 3 werejackals 4 iguanas 94 killer bees 15 acid blobs 4 coyotes a gas spore 2 hobbits 25 manes 5 large kobolds 25 hobgoblins 8 giant rats 6 cave spiders 7 yellow molds 2 green molds 12 gnomes 15 garter snakes 10 gnome zombies 11 geckos 18 jackals a fox 6 kobolds 10 goblins 7 sewer rats 22 grid bugs 2 bats 10 lichens 7 kobold zombies 15 newts 1669 creatures vanquished. Genocided species: mind flayers master mind flayers liches demiliches master liches arch-liches jellyfish piranhas sharks giant eels electric eels krakens 12 species genocided. Voluntary challenges: You used a wielded weapon 2846 times, starting on turn 4. You read items or engraved 96 times, starting on turn 1725. You genocided 12 types of monsters, starting on turn 20923. You polymorphed 20 items, starting on turn 23039. You changed form 1 time, starting on turn 23090. You used 7 wishes, starting on turn 14652. You wished for your your first artifact on turn 14652. You never split a pudding. You wrote Elbereth's name 3 times, starting on turn 24511. You violated your moral code, losing 288 points of alignment, starting on turn 6174. Dungeon overview: The Dungeons of Doom: levels 1 to 26 Level 1 some fountains stairs to The Elemental Planes Level 2 some fountains, a sink stairs to The Gnomish Mines Level 3 a general store Level 4 a general store Level 5 a fountain, a sink Level 6 a fountain, a sink Level 7 a fountain Level 8 a fountain Level 9 a fountain stairs to Sokoban Level 10 some fountains Level 11 an altar to Anu Level 12 Level 13 Level 14 a fountain Level 15 (portal lower centre) portal to The Quest Level 16 a fountain Level 17 Level 18 a fountain Level 19 Level 20 a fountain Level 21 (graveyard lower right) some fountains Level 22 Level 23 Level 24 (lep hall lower left) a sink Level 25 Level 26 a fountain Gehennom: levels 27 to 48 Level 27 a temple to Moloch stairs to The Dungeons of Doom Level 28 Level 29 Level 30 Level 31 some fountains Level 32 Level 33 Level 34 Level 35 Level 36 some shops, an altar to Moloch Level 37 Level 38 stairs to Vlad's Tower Level 39 Level 40 Level 41 portal to Gehennom Level 42 Level 43 Level 44 portal to Gehennom Level 45 Level 46 Level 47 Level 48 The Gnomish Mines: levels 3 to 8 Level 3 stairs to The Dungeons of Doom Level 4 Level 5 Level 6 many shops, a temple to Anshar, some fountains Level 7 Level 8 The Quest: levels 1 to 5 Level 1 a temple to Anu portal to The Dungeons of Doom Level 2 Level 3 Level 4 Level 5 Sokoban: levels 5 to 8 Level 5 Level 6 Level 7 Level 8 stairs to The Dungeons of Doom Vlad's Tower: levels 35 to 37 Level 35 Level 36 Level 37 stairs to Gehennom The Elemental Planes: Astral Plane <- You were here some high altars Plane 4 portal to The Elemental Planes Plane 3 portal to The Elemental Planes Plane 2 portal to The Elemental Planes Plane 1 portal to The Elemental Planes History has recorded: On T:1 you entered the Dungeons of Doom to retrieve the Amulet of Yendor! On T:470 you advanced to experience level 2. On T:677 you reached level 2 of The Dungeons of Doom. On T:696 you reached level 3 of The Dungeons of Doom. On T:827 you reached level 4 of The Dungeons of Doom. On T:1198 you advanced to experience level 3. On T:1579 you reached level 1 of The Gnomish Mines. On T:1724 you advanced to experience level 4. On T:2380 you reached level 5 of The Dungeons of Doom. On T:2740 you advanced to experience level 5. On T:2755 you reached level 6 of The Dungeons of Doom. On T:3094 you reached level 7 of The Dungeons of Doom. On T:3465 you advanced to experience level 6. On T:3960 you reached level 2 of The Gnomish Mines. On T:4006 you reached level 3 of The Gnomish Mines. On T:4291 you reached level 4 of The Gnomish Mines. On T:4515 you advanced to experience level 7. On T:4911 you reached level 5 of The Gnomish Mines. On T:5177 you reached level 6 of The Gnomish Mines. On T:5804 you reached level 8 of The Dungeons of Doom. On T:7257 you advanced to experience level 8. On T:7424 you reached level 9 of The Dungeons of Doom. On T:7918 you reached level 4 of Sokoban. On T:8373 you reached level 3 of Sokoban. On T:8919 you reached level 2 of Sokoban. On T:9232 you advanced to experience level 9. On T:9299 you reached level 1 of Sokoban. On T:11466 you reached level 10 of The Dungeons of Doom. On T:12255 you reached level 11 of The Dungeons of Doom. On T:13103 you received Grayswandir from Anu. On T:13784 you reached level 12 of The Dungeons of Doom. On T:13911 you advanced to experience level 10. On T:14652 you wished for "blessed fixed Magic Mirror of Merlin". On T:15186 you reached level 13 of The Dungeons of Doom. On T:15531 you reached level 14 of The Dungeons of Doom. On T:15942 you reached level 15 of The Dungeons of Doom. On T:16185 you reached level 1 of The Quest. On T:16391 you reached level 16 of The Dungeons of Doom. On T:16475 you advanced to experience level 11. On T:16869 you reached level 17 of The Dungeons of Doom. On T:17325 you reached level 18 of The Dungeons of Doom. On T:17505 you reached level 19 of The Dungeons of Doom. On T:17870 you reached level 20 of The Dungeons of Doom. On T:18137 you reached level 21 of The Dungeons of Doom. On T:18446 you reached level 22 of The Dungeons of Doom. On T:18560 you reached level 23 of The Dungeons of Doom. On T:18630 you killed Medusa on level 22 of The Dungeons of Doom. On T:18630 you advanced to experience level 12. On T:18739 you reached level 24 of The Dungeons of Doom. On T:19341 you reached level 25 of The Dungeons of Doom. On T:19645 you reached The Castle. On T:20825 you wished for "3 blessed scrolls of charging". On T:20864 you advanced to experience level 13. On T:23012 you wished for "blessed fixed wand of polymorph". On T:23742 you advanced to experience level 14. On T:23750 you embarked upon an epic quest. On T:23816 you reached level 2 of The Quest. On T:24027 you reached level 3 of The Quest. On T:24240 you reached level 4 of The Quest. On T:24504 you reached level 5 of The Quest. On T:25207 you killed Chromatic Dragon on level 4 of The Quest. On T:25476 you completed the quest! On T:26057 you wished for "blessed fixed tooled horn named THE HORN OF YENDOR". On T:26094 you wished for "uncursed magic marker". On T:26159 you wished for "3 potions of unholy water". On T:26438 you reached The Valley of the Dead. On T:27299 you reached level 2 of Gehennom. On T:27304 you reached level 9 of Gehennom. On T:27306 you reached level 8 of Gehennom. On T:27361 you reached level 10 of Gehennom. On T:27400 you reached level 11 of Gehennom. On T:27455 you killed Orcus on level 11 of Gehennom. On T:28198 you reached level 12 of Gehennom. On T:28226 you reached level 3 of Vlad's Tower. On T:28280 you reached level 2 of Vlad's Tower. On T:28405 you reached level 1 of Vlad's Tower. On T:28563 you killed Vlad the Impaler on level 1 of Vlad's Tower. On T:28675 you reached level 21 of Gehennom. On T:28684 you reached level 20 of Gehennom. On T:28769 you reached level 19 of Gehennom. On T:29264 you reached level 18 of Gehennom. On T:29344 you reached level 15 of Gehennom. On T:29587 you reached level 13 of Gehennom. On T:29711 you killed Wizard of Yendor on level 13 of Gehennom. On T:29794 you performed the invocation. On T:29800 you reached level 22 of Gehennom. On T:29887 you killed high priest of Moloch on level 22 of Gehennom. On T:29892 you gained the Amulet of Yendor! On T:29893 you lost the Amulet of Yendor. On T:29894 you gained the Amulet of Yendor! On T:30155 you reached level 17 of Gehennom. On T:30377 you advanced to experience level 15. On T:30447 you reached level 16 of Gehennom. On T:30747 you reached level 14 of Gehennom. On T:30750 you advanced to experience level 16. On T:31882 you killed Wizard of Yendor on level 15 of Gehennom. On T:32833 you reached level 7 of Gehennom. On T:32990 you reached level 6 of Gehennom. On T:33161 you reached level 5 of Gehennom. On T:33168 you killed Juiblex on level 5 of Gehennom. On T:33245 you reached level 4 of Gehennom. On T:33387 you advanced to experience level 17. On T:33782 you reached level 3 of Gehennom. On T:33902 you advanced to experience level 18. On T:34114 you killed Wizard of Yendor on level 3 of Gehennom. On T:34156 you advanced to experience level 19. On T:34832 you wished for "blessed fixed wand of death". On T:34866 you reached the Plane of Earth. On T:34867 you killed Wizard of Yendor on the Plane of Earth. On T:34972 you reached the Plane of Air. On T:35039 you reached the Plane of Fire. On T:35083 you reached the Plane of Water. On T:35145 you reached the Astral Plane. On T:35164 you killed Pestilence on the Astral Plane. On T:35165 you killed Famine on the Astral Plane. On T:35214 you killed Famine on the Astral Plane. On T:35222 you killed Pestilence on the Astral Plane. On T:35270 you lost the Amulet of Yendor. On T:35270 you offered the Amulet of Yendor to Anu and ascended to the status of Demigoddess! Score breakdown: Gold: 15622 (14265 points) Experience: 19 levels (23635 points) Exploration: 48 levels (100.00%) (30000 points) Discoveries: 98 items ( 33.45%) (17350 points) Valuables value: 300 ( 8431 points) Artifact value: 17000 (14390 points) Variety of kills: 261 monsters ( 68.50%) (24830 points) Turncount: 35270 turns (-4240 points) Survival: ascended (score multiplied by 200%) Total score: 257322 Latest messages: Hello Reyda the Knife, the dwarven Cavewoman, welcome back to NetHack! You are lucky! Full moon tonight. You offer the Amulet of Yendor to Anu... An invisible choir sings, and you are bathed in radiance... The voice of Anu booms: "Congratulations, mortal!" "In return for thy service, I grant thee the gift of Immortality!" You ascend to the status of Demigoddess... Final status: Goodbye Reyda the Knife the Demigoddess, ascended... You went to your reward with 257322 points, Grayswandir (worth 8000 zorkmids) The Magic Mirror of Merlin (worth 1500 zorkmids) The Candelabrum of Invocation (worth 5000 zorkmids) The Sceptre of Might (worth 2500 zorkmids) 1 amulet of life saving (worth 150 zorkmids), 1 amulet of reflection (worth 150 zorkmids), and 15622 pieces of gold, after 35270 moves. You were level 19 with a maximum of 209 hit points when you ascended.